 Dungeon Crawl Stone Soup version 0.23.2-1-ga50397a (webtiles) character file.

Game seed: 16587742936013212648

14396 Aldia the Grappler (level 11, 0/104 HPs)
             Began as a Green Draconian Transmuter on June 2, 2019.
             Was a High Priest of Makhleb.
             Slain by a hell rat (2 damage)
             ... on level 4 of the Lair of Beasts.
             The game lasted 00:37:14 (13477 turns).

Aldia the Grappler (Green Draconian Transmuter)    Turns: 13477, Time: 00:37:14

Health: 0/104      AC: 14    Str: 14    XL:     11   Next: 88%
Magic:  16/17      EV: 12    Int: 16    God:    Makhleb [*****.]
Gold:   1122       SH:  0    Dex:  6    Spells: 8/19 levels left

rFire    . . .     SeeInvis +     - Unarmed
rCold    . . .     Gourm    .   (no shield)
rNeg     . . .     Faith    .   (armour unavailable)
rPois    +         Spirit   .   (helmet restricted)
rElec    .         Reflect  .   u - +1 cloak of Vumeh {MR+++ Regen+ Dex-5}
rCorr    .         Harm     .   (no gloves)
MR       +++..                  l - +0 pair of boots
Stlth    +.........             w - amulet of Vitality {Regen+ HP+15}
HPRegen  1.07/turn              C - ring of see invisible
MPRegen  0.15/turn              q - +4 ring of protection

@: lethally poisoned (0 -> 0), heavily drained
A: breathe noxious fumes, unfitting armour, poison resistance, cold-blooded, AC
+7
a: Breathe Noxious Fumes, Minor Destruction, Lesser Servant of Makhleb, Major
Destruction, Greater Servant of Makhleb, Renounce Religion


You were on level 4 of the Lair of Beasts.
You worshipped Makhleb.
Makhleb was extremely pleased with you.
You were hungry.

You visited 3 branches of the dungeon, and saw 15 of its levels.

You collected 1122 gold pieces.

Inventory:

Hand Weapons
 z - a +2 demon whip of draining
Missiles
 a - 231 arrows
Armour
 e - a +1 cloak
 l - a +0 pair of boots (worn)
 u - the +1 cloak of Vumeh (worn) {MR+++ Regen+ Dex-5}
   (You found it on level 2 of the Lair of Beasts)

   It affects your dexterity (-5).
   It affects your resistance to hostile enchantments.
   It increases your rate of regeneration.
Jewellery
 h - an uncursed ring of flight
 o - an uncursed ring of magical power
 q - a +4 ring of protection (right hand)
 t - an uncursed amulet of the acrobat
 w - the amulet of Vitality (around neck) {Regen+ HP+15}
   (You found it on level 8 of the Dungeon)

   [amulet of regeneration]

   It affects your health (+15).
   It increases your rate of regeneration.
 C - a ring of see invisible (left hand)
Wands
 p - a wand of scattershot (3)
 s - a wand of acid (11)
 x - a wand of flame (15)
 A - a wand of paralysis (12)
 F - a wand of enslavement (9)
Scrolls
 b - 5 scrolls of enchant armour
 d - a scroll of enchant weapon
 f - 7 scrolls of remove curse
 i - 5 scrolls of identify
 r - a scroll of amnesia
 v - 2 scrolls of magic mapping
 y - 2 scrolls of vulnerability
 D - a scroll of blinking
 G - a scroll of teleportation
Potions
 g - 2 potions of flight
 j - a potion of magic
 k - a potion of might
 m - 3 potions of haste
 n - a potion of invisibility
 E - a potion of brilliance {unknown}
 H - a potion of resistance
Miscellaneous
 I - a phial of floods
Comestibles
 c - 24 rations
 B - a chunk of flesh


   Skills:
 + Level 6.0(3.9) Fighting
 - Level 5.0(2.9) Dodging
 * Level 12.3(9.7) Unarmed Combat
 - Level 4.5(2.4) Spellcasting
 - Level 12.0(9.5) Transmutations
 - Level 2.6(0.7) Poison Magic
 + Level 0.4(0.0) Invocations


You had 8 spell levels left.
You knew the following spells:

 Your Spells              Type           Power        Failure   Level  Hunger
a - Beastly Appendage     Tmut           ####..       1%          1    #......
b - Blade Hands           Tmut           ####......   11%         5    ######.
c - Spider Form           Tmut/Pois      ###.......   7%          3    ###....
s - Sticks to Snakes      Tmut           ####....     1%          2    ###....

Your spell library contained the following spells:

 Spells                   Type           Power        Failure   Level  Hunger
 Magic Dart               Conj           #...         21%         1    #......
 Shock                    Conj/Air       #...         21%         1    #......
 Ice Form                 Ice/Tmut       ###.....     28%         4    #####..
 Searing Ray              Conj           #.....       30%         2    ###....
 Swiftness                Chrm/Air       #.......     30%         2    ###....
 Dazzling Spray           Conj/Hex       #.....       52%         3    ###....
 Static Discharge         Conj/Air       #.......     52%         3    ###....
 Airstrike                Air            #.........   89%         4    #####..
 Force Lance              Conj/Tloc      #.......     89%         4    #####..
 Fulminant Prism          Conj/Hex       #.........   89%         4    #####..
 Iskenderun's Mystic Bla  Conj           #.......     89%         4    #####..
 Lightning Bolt           Conj/Air       #.........   99%         5    ######.


Dungeon Overview and Level Annotations

Branches:
Dungeon (10/15)            Temple (1/1) D:4            Lair (4/6) D:9
 Shoals (0/4) Lair:3        Snake (0/4) Lair:3
    Orc: D:9-12

Altars:
Ashenzari
Cheibriados
Dithmenos
Elyvilon
Fedhas
Gozag
Hepliaklqana
Kikubaaqudgha
Makhleb
Nemelex Xobeh
Okawaru
Qazlal
Ru
Sif Muna
Trog
Uskayaw
Vehumet
Wu Jian
Xom
Yredelemnul
Zin
The Shining One
Beogh


Innate Abilities, Weirdness & Mutations

You can breathe blasts of noxious fumes.
Your lurid green scales are hard. (AC +7)
You cannot fit into any form of body armour.
Your system is resistant to poisons. (rPois)
You are cold-blooded and may be slowed by cold attacks.


Message History

The hell rat bites you!
* * * LOW HITPOINT WARNING * * *
You hit the hell rat.
The hell rat is almost dead.
You feel sick. The hell rat bites you.
* * * LOW HITPOINT WARNING * * *
You closely miss the hell rat.
The hell rat is almost dead.
The hell rat bites you!
* * * LOW HITPOINT WARNING * * *
You are feeling hungry.
You hit the hell rat but do no damage.
The hell rat is almost dead.
You feel sick. The hell rat misses you.
You closely miss the hell rat.
The hell rat is almost dead.
The hell rat bites you!
* * * LOW HITPOINT WARNING * * *
You feel drained.
You die...

...............
................. ....
.........................
........$................
.........................
........................
................#....#..
##†#@.......#.....#..
#.†r#..............#
......†.#.............##
...P....#.......#P....# .
........#.......###..## .
.........#.....)####[###.
..###.#.##...............
. ###+.................
.....................


You could see a hell rat.

Vanquished Creatures
  The ghost of teukkam the Fighter, a journeyman MiFi of Gozag (Lair:3)
  Harold (D:7)
  A guardian serpent (Lair:3)
  A torpor snail (Lair:3)
  A spiny frog (Lair:3)
  A gargoyle (D:7)
  A rime drake (Lair:2)
  3 komodo dragons
  12 blink frogs
  4 hippogriffs
  Sigmund (D:5)
  A wyvern (D:8)
  2 yaks (Lair:3)
  A hungry ghost (D:7)
  3 water moccasins
  2 porcupines
  3 sky beasts
  7 orc warriors
  3 phantoms
  A black bear (D:7)
  2 ice beasts
  3 ogres
  The ghost of Barsley the Skirmisher, an amateur DsCK of Xom (D:4)
  4 centaurs
  6 crocodiles
  A big kobold (D:7)
  14 bullfrogs
  2 wyvern skeletons
  6 scorpions
  4 howler monkeys
  3 crimson imps
  7 hounds
  Crazy Yiuf (D:2)
  5 orc priests
  A bullfrog skeleton (D:5)
  A centaur skeleton (D:7)
  Ijyb (D:3)
  Jessica (D:2)
  Natasha (thrice) (D:3)
  2 iguanas
  7 orc wizards
  8 worker ants
  5 hell rats (Lair:4)
  A hound zombie (D:8)
  A hound skeleton (D:4)
  5 gnolls
  2 howler monkey skeletons
  7 adders
  A shadow imp (D:6)
  3 oozes
  5 adder skeletons
  An adder zombie (D:8)
  7 worms
  A dart slug (D:3)
  5 leopard geckos
  61 orcs
  A ball python (D:3)
  8 bats
  2 giant cockroaches
  4 goblins
  9 hobgoblins
  4 jackals (D:4)
  10 kobolds
  4 quokkas
  3 frilled lizards
  A jackal skeleton (D:6)
  A quokka skeleton (D:4)
  10 rats
  A plant (Lair:1)
296 creatures vanquished.

Vanquished Creatures (collateral kills)
  2 hydras (Lair:3)
2 creatures vanquished.

Vanquished Creatures (others)
  A bush (Lair:1)
  2 fungi (D:9)
  7 plants (Lair:1)
10 creatures vanquished.

Grand Total: 308 creatures vanquished

Notes
Turn   | Place    | Note
-------+----------+-------------------------------------------
     0 | D:1      | Aldia the Draconian Transmuter began the quest for the Orb.
     0 | D:1      | Reached XP level 1. HP: 16/16 MP: 3/3
   444 | D:1      | Reached XP level 2. HP: 21/23 MP: 5/5
   448 | D:1      | Learned a level 2 spell: Sticks to Snakes
   947 | D:2      | Reached XP level 3. HP: 21/29 MP: 6/6
   960 | D:2      | Learned a level 3 spell: Spider Form
   990 | D:2      | Found a runed translucent door.
   991 | D:2      | Noticed Crazy Yiuf
  1581 | D:2      | Noticed Jessica
  1589 | D:2      | Killed Jessica
  1589 | D:2      | Reached skill level 1 in Poison Magic
  1589 | D:2      | Reached XP level 4. HP: 33/36 MP: 7/7
  2022 | D:2      | Killed Crazy Yiuf
  2098 | D:2      | Reached XP level 5. HP: 17/41 MP: 8/8
  2345 | D:3      | Noticed a phantom
  2390 | D:3      | Killed a phantom
  2700 | D:3      | Noticed Natasha
  2726 | D:3      | Reached XP level 6. HP: 16/48 MP: 6/9
  2934 | D:3      | Killed Natasha
  2934 | D:3      | Reached skill level 5 in Unarmed Combat
  3024 | D:3      | Noticed Natasha
  3032 | D:3      | Killed Natasha
  3038 | D:3      | Noticed Natasha
  3049 | D:3      | Killed Natasha
  3528 | D:3      | Noticed Ijyb
  3538 | D:3      | Killed Ijyb
  4199 | D:4      | Noticed Barsley's ghost (amateur DsCK)
  4205 | D:4      | Found a transporter.
  4281 | D:4      | Found a staircase to the Ecumenical Temple.
  4286 | Temple   | Entered the Ecumenical Temple
  4478 | Temple   | Became a worshipper of Makhleb the Destroyer
  4515 | D:4      | Found a transporter.
  4529 | D:4      | Your scales start taking on a lurid green colour.
  4529 | D:4      | Reached XP level 7. HP: 55/55 MP: 6/10
  4529 | D:4      | Gained mutation: Your system is resistant to poisons.
                  | (rPois) [Green Draconian growth]
  4833 | D:4      | Found a sacrificial altar of Ru.
  5061 | D:4      | Reached * piety under Makhleb
  5071 | D:4      | Killed Barsley's ghost
  5219 | D:5      | Entered Level 5 of the Dungeon
  5219 | D:5      | Noticed Sigmund
  5231 | D:5      | Reached skill level 5 in Transmutations
  5237 | D:5      | Killed Sigmund
  5545 | D:5      | Reached XP level 8. HP: 62/62 MP: 7/11
  5699 | D:5      | Learned a level 5 spell: Blade Hands
  6261 | D:6      | Reached ** piety under Makhleb
  7313 | D:6      | Found an iron altar of Okawaru.
  7624 | D:7      | Reached XP level 9. HP: 71/71 MP: 2/13
  7650 | D:7      | Noticed a gargoyle
  8231 | D:7      | Killed a gargoyle
  8353 | D:7      | Noticed Harold
  8519 | D:6      | Reached skill level 5 in Fighting
  8875 | D:7      | Killed Harold
  8875 | D:7      | Reached XP level 10. HP: 15/81 MP: 16/16
  8882 | D:7      | Reached *** piety under Makhleb
  9304 | D:7      | Found a radiant altar of Vehumet.
  9609 | D:8      | Found the amulet of Vitality {Regen+ HP+15}
 10102 | D:8      | Reached skill level 10 in Transmutations
 10460 | D:9      | Found a roughly hewn altar of Beogh.
 10483 | D:9      | Reached **** piety under Makhleb
 10708 | D:9      | Found a staircase to the Lair.
 10953 | D:10     | Entered Level 10 of the Dungeon
 11029 | Lair:1   | Entered Level 1 of the Lair of Beasts
 11033 | Lair:1   | Reached skill level 10 in Unarmed Combat
 11170 | Lair:1   | Reached XP level 11. HP: 89/89 MP: 17/17
 11589 | Lair:2   | Reached skill level 5 in Dodging
 12131 | Lair:2   | Got a faintly humming cloak
 12142 | Lair:2   | Identified the +1 cloak of Vumeh {MR+++ Regen+ Dex-5} (You
                  | found it on level 2 of the Lair of Beasts)
 12296 | Lair:3   | Found a staircase to the Snake Pit.
 12496 | Lair:3   | Found a runed translucent gate.
 12497 | Lair:3   | Found a runed translucent gate.
 12498 | Lair:3   | Found a runed translucent gate.
 12499 | Lair:3   | Noticed teukkam's ghost (journeyman MiFi)
 12629 | Lair:3   | Found a staircase to the Shoals.
 12837 | Lair:3   | Noticed a four-headed hydra
 12852 | Lair:3   | Killed a four-headed hydra
 12961 | Lair:3   | Noticed a four-headed hydra
 12973 | Lair:3   | Killed a four-headed hydra
 13279 | Lair:3   | HP: 3/104 [teukkam's ghost (27)]
 13283 | Lair:3   | Killed teukkam's ghost
 13458 | Lair:4   | Reached ***** piety under Makhleb
 13477 | Lair:4   | HP: 2/104 [hell rat (7)]
 13477 | Lair:4   | Slain by a hell rat

Skill      XL: |  1  2  3  4  5  6  7  8  9 10 11 |
---------------+----------------------------------+-----
Dodging        | 2 3 4 5 |  5.0
Fighting       | 2 4 5 6 |  6.0
Poison Magic   | 1 2 |  2.6
Transmutations | 3 4 5 7 9 11 12 | 12.0
Unarmed Combat | 4 6 7 8 9 10 12 | 12.3
Spellcasting   | 3 4 |  4.5
Invocations    | |  0.4

Action                   |  1- 3 |  4- 6 |  7- 9 | 10-12 || total
-------------------------+-------+-------+-------+-------++-------
Melee: Unarmed           |    89 |   233 |   489 |   400 ||  1211
       Tailslap          |     9 |    12 |    42 |    42 ||   105
       Kick              |     5 |     8 |       |       ||    13
       Punch             |     1 |     4 |     4 |    12 ||    21
       Headbutt          |     1 |       |       |       ||     1
 Cast: Beastly Appendage |     5 |     4 |     1 |       ||    10
       Spider Form       |     1 |    11 |    12 |       ||    24
       Sticks to Snakes  |       |     2 |       |    11 ||    13
       Blade Hands       |       |       |     5 |    16 ||    21
Evoke: Wand              |       |       |     2 |       ||     2
  Use: Scroll            |     1 |     5 |    13 |     7 ||    26
       Potion            |       |     1 |     4 |     3 ||     8
 Stab: Sleeping          |     1 |       |       |       ||     1
  Eat: Chunk             |     2 |    11 |    16 |    17 ||    46
       Ration            |       |       |     2 |     1 ||     3
Armor: Skin              |    14 |    49 |   129 |   173 ||   365
Dodge: Dodged            |    50 |   182 |   336 |   266 ||   834
